[Event "44th Chess Olympiad Open 2022"]
[Site "Chennai"]
[Date "2022.08.09"]
[Round "11.27"]
[White "Zia, Tahsin Tajwar"]
[Black "Ervan, Mohamad"]
[Result "0-1"]
[ECO "D00"]
[WhiteElo "2307"]
[BlackElo "2402"]
[Annotator "RC"]
[PlyCount "140"]
[EventDate "2022.07.29"]
[EventType "team-tourn"]
[EventCountry "IND"]
[SourceTitle "playchess.com"]
[Source "ChessBase"]
[SourceQuality "1"]
[WhiteTeam "Bangladesh"]
[BlackTeam "Indonesia"]
[WhiteTeamCountry "BAN"]
[BlackTeamCountry "INA"]
[TimeControl "40/5400+30:1800+30"]

1. d4 Nf6 2. Nc3 d5 3. Bf4 a6 4. e3 Bf5 5. Nf3 e6 6. Ne5 h6 7. Bd3 Bxd3 8. cxd3 Nbd7 9. O-O Nxe5 10. Bxe5 Bd6 11. e4 dxe4 12. Bxf6 Qxf6 13. dxe4 Qd8 14. Qg4 Qg5 15. Qe2 O-O 16. e5 Bb4 17. Qc4 Qe7 18. Ne4 Rfd8 19. Rad1 Ba5 20. a3 b5 21. Qc1 Qh4 22. Qe3 Bb6 23. Rd3 Rd7 24. Rfd1 Rad8 25. h3 Rd5 26. Nc5 a5 27. b4 axb4 28. axb4 Bxc5 29. bxc5 Ra8 30. Kh2 Ra4 31. g3 Qd8 32. h4 Ra2 33. R1d2 Ra1 34. Qf3 Qa8 35. Rd1 Ra4 36. h5 Ra2 37. R1d2 Ra4 38. Rd1 Qd8 39. Qe3 Ra2 40. Kg2 Qa8 41. Kh2 Rd8 42. Qf3 Qxf3 43. Rxf3 c6 44. Kg2 Kf8 45. Rfd3 Ke7 46. Kf3 Rda8 47. g4 Kd7 48. Rg1 Rc2 49. Kg3 Raa2 50. f3 Kc7 51. Kf4 Rh2 52. Rdd1 Kb7 53. Ra1 Rad2 54. Rgd1 Rxd1 55. Rxd1 Ra2 56. g5 Rh2 57. gxh6 gxh6 58. Kg4 Ra2 59. f4 Ka6 60. f5 b4 61. fxe6 fxe6 62. Kf4 Kb5 63. Ke4 b3 64. Kd3 Rh2 65. Rg1 Rh3+ 66. Kd2 Kc4 67. Rg6 Rh2+ 68. Kc1 Rxh5 69. Kb2 Rh2+ 70. Kb1 h5 0-1

[Event "44th Chess Olympiad Open 2022"]
[Site "Chennai"]
[Date "2022.08.09"]
[Round "11.28"]
[White "Bachmann, Axel"]
[Black "Zaibi, Amir"]
[Result "1-0"]
[ECO "A35"]
[WhiteElo "2588"]
[BlackElo "2398"]
[Annotator "TA"]
[PlyCount "93"]
[EventDate "2022.07.29"]
[EventType "team-tourn"]
[EventCountry "IND"]
[SourceTitle "playchess.com"]
[Source "ChessBase"]
[SourceQuality "1"]
[WhiteTeam "Paraguay"]
[BlackTeam "Tunisia"]
[WhiteTeamCountry "PAR"]
[BlackTeamCountry "TUN"]
[TimeControl "40/5400+30:1800+30"]

1. Nf3 c5 2. c4 Nc6 3. Nc3 g6 4. e3 d6 5. d4 Bg4 6. Be2 Bg7 7. d5 Na5 {[%emt 0:07:06] was the old line (7...Bxf3).} 8. e4 $5 {[%emt 0:10:08][%mdl 4] Leaves trodden paths. A35: Symmetrical English: 2 Nc3 Nc6 3 Nf3.} Bxc3+ 9. bxc3 Nf6 10. Qa4+ {[%emt 0:16:49] [#] White is slightly better.} Nd7 $146 (10... Bd7 $14 11. Qc2 e5) ({Predecessor:} 10... Bd7 11. Qc2 Bg4 12. h3 Bxf3 13. Bxf3 O-O 14. Be2 Re8 15. O-O Nd7 16. f4 e6 {1-0 (62) Khotenashvili,B (2524)-Rapport,J (2352) Warsaw 2013}) 11. Bh6 $16 {[%emt 0:02:58] White is more active.} Qb6 {[%emt 0:08:00] [#] Against Rb1} 12. Ne5 $1 dxe5 (12... Qb2 $2 13. Bxg4 $1 Qxa1+ 14. Ke2 Qb2+ 15. Kd3 $18) 13. Bxg4 O-O-O 14. O-O $36 {[%emt 0:05:04][%mdl 2048] White is in control.} Rhg8 $2 (14... Qa6 $16 {might work better.}) 15. Rab1 $18 Qa6 16. Rb5 b6 17. f4 exf4 18. Bxf4 {[%emt 0:03:00] This bishop pair is nice.} h5 19. Be2 f6 20. Rfb1 {[%emt 0:01:21][%cal Ob5a5,Bf1b1,Bb1b5,Bb5c5][%mdl 32] Strongly threatening Rxa5!} Ne5 21. Be3 {[%emt 0:01:41][%cal Oe3c5] Bxc5! is the strong threat.} Nd7 22. Bf4 Ne5 23. Rxc5+ bxc5 $16 24. Rb5 Rd7 $2 (24... Qb6 $16 25. Rxb6 axb6) 25. Rxc5+ (25. Qxa5 Qxa5 26. Rxa5 Rc7 $11) (25. Rxa5 Qb6 $16) 25... Rc7 26. Rb5 (26. Rxa5 Qb6+ 27. Kf1 (27. c5 Rxc5 28. Rxc5+ Qxc5+ 29. Qd4 Qb6 $15) 27... Qb1+ 28. Kf2 Qxe4 29. Bxe5 fxe5 $11) 26... g5 {[%emt 0:02:27] [#]} 27. Bg3 (27. Bxe5 fxe5 28. Qxa5 (28. Rxa5 Qb6+ 29. Kh1 Qb1+ 30. Qd1 Qxd1+ 31. Bxd1 Rf8 $17) 28... Qxa5 29. Rxa5 Rb7 $16) 27... Rb7 {[%emt 0:01:45] Threatens to win with ...Rxb5.} 28. c5 {[%emt 0:00:00] And now c4 would win. Chess con chili.} ({Weaker is} 28. Qxa5 Qxa5 29. Rxa5 Rb2 30. Bxh5 (30. Rxa7 $2 Kb8 $19) 30... Kb7 $14) 28... h4 (28... Rxb5 $142 29. Bxb5 Qb7) 29. Bf2 $18 ({Less strong is} 29. Bxe5 fxe5 30. Qxa5 Qxa5 31. Rxa5 Rb2 $16) 29... Rxb5 (29... Rh8 $142 30. Bf1 Rxb5 31. Bxb5 Qb7) 30. Bxb5 Qb7 31. Qxa5 {[%emt 0:00:00] Black must now prevent Ba6.} Kb8 32. Bd4 Qc7 33. Qb4 h3 $2 (33... Rd8 34. h3 a5) 34. Ba6+ {[%emt 0:02:25] White is clearly winning.} Ka8 35. c6 Rb8 36. Bb7+ Rxb7 37. Qxb7+ Qxb7 38. cxb7+ Kxb7 39. Bxe5 fxe5 40. gxh3 {[%emt 0:00:09][%mdl 4096] Endgame KP-KP} Kb6 41. Kf2 Kc5 42. Kg3 Kc4 43. Kg4 Kd3 44. Kf5 a5 45. Kxe5 a4 46. Ke6 Kxe4 47. c4 {[%emt 0:03:59] Weighted Error Value: White=0.23 (precise) /Black=0.36} 1-0

[Event "44th Chess Olympiad Open 2022"]
[Site "Chennai"]
[Date "2022.08.09"]
[Round "11.28"]
[White "Cubas, Jose Fernando"]
[Black "Amdouni, Zoubaier"]
[Result "0-1"]
[ECO "B23"]
[WhiteElo "2451"]
[BlackElo "2224"]
[Annotator "RC"]
[PlyCount "90"]
[EventDate "2022.07.29"]
[EventType "team-tourn"]
[EventCountry "IND"]
[SourceTitle "playchess.com"]
[Source "ChessBase"]
[SourceQuality "1"]
[WhiteTeam "Paraguay"]
[BlackTeam "Tunisia"]
[WhiteTeamCountry "PAR"]
[BlackTeamCountry "TUN"]
[TimeControl "40/5400+30:1800+30"]

1. e4 c5 2. Nc3 Nc6 3. Bb5 Nd4 4. Nf3 a6 5. Bd3 Nc6 6. Be2 e5 7. Nd5 Nf6 8. Bc4 b5 9. Nxf6+ Qxf6 10. Bd5 Rb8 11. c3 h6 12. O-O Ne7 13. d4 d6 14. h3 Nxd5 15. exd5 exd4 16. cxd4 c4 17. a4 Be7 18. axb5 axb5 19. b3 O-O 20. Re1 Rb7 21. bxc4 bxc4 22. Qe2 Rc7 23. Bd2 Bf5 24. Ba5 Bd3 25. Qe3 Rb7 26. Rec1 Qf5 27. Bd2 Qxd5 28. Ra5 Qe6 29. d5 Qxe3 30. Bxe3 Bf6 31. Bd4 Bxd4 32. Nxd4 Rfb8 33. Raa1 Rb2 34. Nc6 Re8 35. Na5 Re4 36. Ra4 Rb5 37. f3 Re2 38. Nxc4 Rxd5 39. Nb6 Rb5 40. Rd4 Rxb6 41. Rxd3 Rbb2 42. g4 Rg2+ 43. Kf1 Rbf2+ 44. Ke1 Rh2 45. Rc6 Ra2 0-1

[Event "44th Chess Olympiad Open 2022"]
[Site "Chennai"]
[Date "2022.08.09"]
[Round "11.28"]
[White "Boudriga, Mohamed Ali"]
[Black "Delgado Ramirez, Neuris"]
[Result "1-0"]
[ECO "A13"]
[WhiteElo "2308"]
[BlackElo "2614"]
[Annotator "TA"]
[PlyCount "91"]
[EventDate "2022.07.29"]
[EventType "team-tourn"]
[EventCountry "IND"]
[SourceTitle "playchess.com"]
[Source "ChessBase"]
[SourceQuality "1"]
[WhiteTeam "Tunisia"]
[BlackTeam "Paraguay"]
[WhiteTeamCountry "TUN"]
[BlackTeamCountry "PAR"]
[TimeControl "40/5400+30:1800+30"]

1. Nf3 Nf6 2. c4 e6 3. g3 a6 4. Bg2 b5 5. b3 Bb7 6. Nc3 bxc4 {[%emt 0:04:37] A13: English Opening: 1...e6.} 7. bxc4 c5 8. Rb1 Bc6 {[%emt 0:00:05] White is slightly better.} 9. O-O Be7 10. Qc2 O-O {[%emt 0:03:02] [#]} 11. e3 $146 ({Predecessor:} 11. e4 Qc7 12. d4 cxd4 13. Nxd4 Rc8 14. Rd1 Bf8 15. h3 Ra7 16. Nb3 d6 17. Be3 {1-0 (32) Ribli,Z (2584)-Fedorchuk,S (2599) Germany 2006}) 11... Ra7 12. Rd1 Rc7 13. d3 d6 14. e4 Nfd7 15. Bf4 g5 (15... Ba8 $11 {should be considered.}) 16. Be3 $14 Ba8 17. Qe2 Nc6 18. h3 Bf6 19. Qd2 h6 20. Ne2 Kh8 21. Nh2 Bg7 (21... Nde5 $11 {remains equal.}) 22. f4 $16 f6 23. Rf1 Qe7 24. h4 gxh4 25. Nf3 f5 26. Nxh4 Qf6 {[%emt 0:06:25] Inhibits Ng6+.} 27. exf5 (27. Bf2 $142) 27... exf5 28. Rfe1 {[%emt 0:01:08][%cal Bf1e1,Be1b1,Bb1b6][%mdl 32] Black must now prevent Bf2.} Rg8 {[#]} (28... Ne7 $142) 29. Kh2 ({White should try} 29. Bf2 $1) 29... Rcc8 (29... Ne7 $16 {was called for.}) 30. Bf2 $18 Rb8 31. Ng1 Rxb1 32. Rxb1 Ne7 33. Bxa8 Rxa8 34. Ngf3 Ng6 35. Qe2 {Inhibits Re8.} Ndf8 36. Nxg6+ Nxg6 37. Rb6 Qd8 38. Rb7 Qc8 {[%emt 0:00:18] Prevents Qe6.} 39. Rb1 {[%emt 0:00:00] 0x0.001f25c62456dp-1022s more active pieces.} Qc6 40. Ng5 hxg5 $11 41. Qh5+ Kg8 {[%emt 0:00:46] Strongly threatening ...Kf7.} 42. Qxg6 Qf3 43. Rf1 {[%emt 0:08:04] The board is on fire.} gxf4 44. Qe6+ Kh8 {[%emt 0:00:48] And now ...fxg3+ would win.} 45. Qxf5 Rf8 $2 {[%emt 0:03:49][%mdl 8192] [#]} (45... Be5 $11 46. g4 Ra7) 46. Qxf8+ $3 {[%emt 0:00:07][%mdl 512] Weighted Error Value: White=0.17 (very precise) /Black=0.30} 1-0

[Event "44th Chess Olympiad Open 2022"]
[Site "Chennai"]
[Date "2022.08.09"]
[Round "11.28"]
[White "Bouzidi, Ahmed"]
[Black "Jodorcovsky Werjivker, Paulo"]
[Result "1-0"]
[ECO "B22"]
[WhiteElo "2148"]
[BlackElo "2213"]
[Annotator "RC"]
[PlyCount "109"]
[EventDate "2022.07.29"]
[EventType "team-tourn"]
[EventCountry "IND"]
[SourceTitle "playchess.com"]
[Source "ChessBase"]
[SourceQuality "1"]
[WhiteTeam "Tunisia"]
[BlackTeam "Paraguay"]
[WhiteTeamCountry "TUN"]
[BlackTeamCountry "PAR"]
[TimeControl "40/5400+30:1800+30"]

1. e4 c5 2. c3 Nf6 3. e5 Nd5 4. d4 cxd4 5. Nf3 Nc6 6. Bc4 Nb6 7. Bb3 d6 8. exd6 Qxd6 9. O-O Be6 10. Na3 a6 11. Bxe6 Qxe6 12. Nxd4 Nxd4 13. Qxd4 Rd8 14. Qh4 Qc8 15. Be3 Nd5 16. Bd4 e6 17. Qg4 h5 18. Qg5 Rh6 19. f4 Qc6 20. f5 f6 21. Qh4 e5 22. Rae1 Bxa3 23. bxa3 Kd7 24. Bf2 Kc8 25. Bg3 Rhh8 26. c4 Ne7 27. Bxe5 Qc5+ 28. Kh1 fxe5 29. Qg3 Nc6 30. Qxg7 Rhg8 31. Qf7 Nd4 32. f6 h4 33. Qh5 Qc6 34. Rf2 Rh8 35. Qg4+ Kb8 36. h3 Qxc4 37. Rxe5 Qc1+ 38. Kh2 Nc6 39. Re4 Qxa3 40. f7 Ka8 41. Qg6 Qc5 42. Rf5 Qf8 43. Qf6 Ka7 44. Rxh4 Rxh4 45. Qxh4 Rd7 46. Qf2+ b6 47. Rf6 Nd4 48. a4 a5 49. Qb2 Rd6 50. Qa3 Rd8 51. Qg3 Qc5 52. f8=Q Rxf8 53. Qg7+ Ka6 54. Qxf8 Qc7+ 55. Qd6 1-0

[Event "44th Chess Olympiad Open 2022"]
[Site "Chennai"]
[Date "2022.08.09"]
[Round "11.29"]
[White "Meier, Georg"]
[Black "Othman, A. Moussa"]
[Result "1-0"]
[ECO "E16"]
[WhiteElo "2613"]
[BlackElo "2229"]
[Annotator "TA"]
[PlyCount "49"]
[EventDate "2022.07.29"]
[EventType "team-tourn"]
[EventCountry "IND"]
[SourceTitle "playchess.com"]
[Source "ChessBase"]
[SourceQuality "1"]
[WhiteTeam "Uruguay"]
[BlackTeam "United Arab Emirates"]
[WhiteTeamCountry "URU"]
[BlackTeamCountry "UAE"]
[TimeControl "40/5400+30:1800+30"]

1. d4 Nf6 2. Nf3 e6 3. g3 b6 4. Bg2 Bb7 5. c4 Bb4+ 6. Bd2 Qe7 7. O-O Bxd2 8. Qxd2 d6 9. Qg5 $5 {[%emt 0:14:54][%mdl 4] Exploring less charted territory. E16: Queen's Indian: 4 g3 Bb7 5 Bg2 Bb4+.} O-O 10. Nc3 Re8 {[%emt 0:00:25] [#]} 11. d5 $146 {[%emt 0:06:20] White is slightly better.} ({Predecessor:} 11. Rfe1 Nbd7 12. e4 e5 13. Rad1 h6 14. Qd2 a5 15. b3 c6 16. Nh4 Rad8 17. Nf5 {1-0 (37) Georgescu,T (2474)-Cimpoiasu,D (1940) Targu Mures 2014}) 11... e5 12. e4 a5 13. Qe3 Nbd7 14. Ne1 Nc5 15. Nc2 Bc8 16. Qd2 Bd7 17. b3 Rad8 18. Rad1 Kh8 19. Na3 c6 (19... h5 $11) 20. dxc6 $16 Bxc6 21. Qe3 Qb7 22. f3 Rf8 23. Nab5 Ne8 24. Bh3 {[%emt 0:00:14] White is more active.} Qe7 25. Rd2 {[%emt 0:01:22] Weighted Error Value: White=0.07 (flawless) /Black=0.12 (very precise)} 1-0

[Event "44th Chess Olympiad Open 2022"]
[Site "Chennai"]
[Date "2022.08.09"]
[Round "11.29"]
[White "Diaz Hollemaert, Nahuel"]
[Black "Sultan, Ibrahim"]
[Result "0-1"]
[ECO "D02"]
[WhiteElo "2425"]
[BlackElo "2108"]
[Annotator "RC"]
[PlyCount "100"]
[EventDate "2022.07.29"]
[EventType "team-tourn"]
[EventCountry "IND"]
[SourceTitle "playchess.com"]
[Source "ChessBase"]
[SourceQuality "1"]
[WhiteTeam "Uruguay"]
[BlackTeam "United Arab Emirates"]
[WhiteTeamCountry "URU"]
[BlackTeamCountry "UAE"]
[TimeControl "40/5400+30:1800+30"]

1. Nf3 d5 2. b3 Nf6 3. Bb2 c5 4. e3 e6 5. g3 Nc6 6. Bg2 Be7 7. O-O O-O 8. d4 b6 9. Qe2 Bb7 10. Rd1 c4 11. Nc3 Qc8 12. Ne5 Na5 13. e4 Re8 14. f3 Ba6 15. Qf2 b5 16. Ne2 Bb7 17. bxc4 Nxc4 18. Nxc4 Qxc4 19. e5 Nd7 20. Nf4 Rac8 21. c3 Qa4 22. Bf1 Rc7 23. Bd3 Qa5 24. Qe2 a6 25. Bc2 Nf8 26. a4 b4 27. cxb4 Bxb4 28. Nd3 Be7 29. Rdc1 Rec8 30. Bb3 Qb6 31. Qd1 a5 32. Rxc7 Rxc7 33. Rc1 Rxc1 34. Nxc1 Ba6 35. Bc3 Nd7 36. f4 Ba3 37. Bc2 Qc7 38. Na2 Bc4 39. Bb3 Qb6 40. Bxc4 dxc4 41. Qe2 Qb3 42. d5 exd5 43. e6 Qb6+ 44. Kg2 Qxe6 45. Qf3 Nc5 46. Bxa5 Bb2 47. Bc3 Nd3 48. f5 Qc6 49. Kh3 Bxc3 50. Nxc3 Qh6+ 0-1

[Event "44th Chess Olympiad Open 2022"]
[Site "Chennai"]
[Date "2022.08.09"]
[Round "11.29"]
[White "Al Hosani, Omran"]
[Black "Hoffman, Alejandro"]
[Result "1/2-1/2"]
[ECO "C41"]
[WhiteElo "2215"]
[BlackElo "2390"]
[Annotator "RC"]
[PlyCount "62"]
[EventDate "2022.07.29"]
[EventType "team-tourn"]
[EventCountry "IND"]
[SourceTitle "playchess.com"]
[Source "ChessBase"]
[SourceQuality "1"]
[WhiteTeam "United Arab Emirates"]
[BlackTeam "Uruguay"]
[WhiteTeamCountry "UAE"]
[BlackTeamCountry "URU"]
[TimeControl "40/5400+30:1800+30"]

1. d4 d6 2. e4 Nf6 3. Nc3 e5 4. Nf3 Nbd7 5. Bc4 Be7 6. O-O Nb6 7. Bb3 exd4 8. Qxd4 O-O 9. Bf4 Bg4 10. Nd2 Nfd7 11. a3 Bf6 12. Qe3 Re8 13. Rae1 Nc5 14. Ba2 Be6 15. Bxe6 Nxe6 16. Bg3 Bd4 17. Qd3 h5 18. Nf3 Bf6 19. e5 dxe5 20. Bxe5 Qxd3 21. cxd3 Bxe5 22. Rxe5 Nf4 23. Rxe8+ Rxe8 24. Rd1 Rd8 25. Ne1 Nbd5 26. Kf1 c5 27. g3 Ne6 28. Nc2 Kf8 29. d4 Nxc3 30. bxc3 cxd4 31. cxd4 Nc7 1/2-1/2

[Event "44th Chess Olympiad Open 2022"]
[Site "Chennai"]
[Date "2022.08.09"]
[Round "11.29"]
[White "Mohamed Saeed Laily"]
[Black "Vazquez Facundo"]
[Result "0-1"]
[ECO "E03"]
[WhiteElo "2030"]
[BlackElo "2336"]
[Annotator "RC"]
[PlyCount "88"]
[EventDate "2022.07.29"]
[EventType "team-tourn"]
[EventCountry "IND"]
[SourceTitle "playchess.com"]
[Source "ChessBase"]
[SourceQuality "1"]
[WhiteTeam "United Arab Emirates"]
[BlackTeam "Uruguay"]
[WhiteTeamCountry "UAE"]
[BlackTeamCountry "URU"]
[TimeControl "40/5400+30:1800+30"]

1. d4 Nf6 2. c4 e6 3. Nf3 d5 4. g3 dxc4 5. Qa4+ Nbd7 6. Qxc4 a6 7. Bg2 b5 8. Qc2 Bb7 9. O-O c5 10. Nbd2 Rc8 11. dxc5 Bxc5 12. Qd1 O-O 13. Nb3 Bb6 14. Bf4 Bd5 15. Ne5 Bxg2 16. Kxg2 Nd5 17. Nxd7 Qxd7 18. Rc1 Qb7 19. Kg1 Nxf4 20. gxf4 Rxc1 21. Qxc1 Qe4 22. e3 e5 23. fxe5 Qxe5 24. Nd2 Rd8 25. Rd1 Qd5 26. Kf1 Ba5 27. Ke2 Qxa2 28. Qc2 Bxd2 29. Rxd2 Rxd2+ 30. Qxd2 Qc4+ 31. Kf3 h5 32. e4 Qb3+ 33. Kg2 g6 34. Qd8+ Kh7 35. Qd4 a5 36. f4 Qe6 37. h3 a4 38. e5 Qc4 39. Qd7 Qe4+ 40. Kg3 h4+ 41. Kh2 Qxf4+ 42. Kg2 Qe4+ 43. Kh2 Qxe5+ 44. Kh1 Qf5 0-1

[Event "44th Chess Olympiad Open 2022"]
[Site "Chennai"]
[Date "2022.08.09"]
[Round "11.30"]
[White "Deac, Bogdan-Daniel"]
[Black "Alahakoon, Isuru"]
[Result "1-0"]
[ECO "E05"]
[WhiteElo "2692"]
[BlackElo "2000"]
[Annotator "TA"]
[PlyCount "55"]
[EventDate "2022.07.29"]
[EventType "team-tourn"]
[EventCountry "IND"]
[SourceTitle "playchess.com"]
[Source "ChessBase"]
[SourceQuality "1"]
[WhiteTeam "Romania"]
[BlackTeam "Sri Lanka"]
[WhiteTeamCountry "ROU"]
[BlackTeamCountry "SRI"]
[TimeControl "40/5400+30:1800+30"]

1. c4 e6 2. g3 d5 3. Bg2 Nf6 4. Nf3 Be7 5. d4 O-O 6. Qd3 c5 7. O-O cxd4 8. Nxd4 dxc4 9. Qxc4 e5 {[%emt 0:00:05] E05: Open Catalan: 5 Nf3 Be7.} 10. Nb3 Nc6 11. Nc3 Be6 {[%emt 0:06:04] White has an edge.} 12. Qb5 Qc7 13. Nc5 Bc8 {[%emt 0:04:51] [#] ...Nd4 is the strong threat.} 14. Nd3 $146 ({Predecessor:} 14. Na6 Qd6 15. Qa4 Nd4 16. e3 Bd7 17. Qd1 Bg4 18. f3 Bxf3 19. Bxf3 Nxf3+ 20. Qxf3 Qxa6 {0-1 (62) Sparenberg,E (2140)-Sharma,D (2039) Hoogeveen 2016}) 14... a6 15. Qa4 b5 16. Qd1 ({Of course not} 16. Nxb5 axb5 $1 17. Qxa8 Bb7 18. Qxb7 Qxb7 $17) 16... Rd8 17. Bg5 Bb7 18. Bxf6 Bxf6 19. Rc1 (19. Nd5 $5 Qd6 20. Rc1 $11) 19... Bg5 {[%emt 0:02:14] [#]} (19... e4 $11 {remains equal.} 20. Bxe4 Qe7) 20. e3 $1 $16 {[%emt 0:01:39] Strongly threatening Nd5.} Qb6 $2 {[%emt 0:08:14][%mdl 8192] Black cannot hold the game after this.} (20... Na5 $16 {is more resistant.}) 21. Nd5 $18 Rxd5 22. Bxd5 Rd8 23. Nc5 ({Less strong is} 23. Qf3 Rxd5 24. Qxd5 Nd4 25. Rc8+ Bxc8 26. exd4 Qxd4 27. Qxe5 Qxe5 28. Nxe5 h6 $18) 23... Ba8 24. Qf3 Bf6 25. Be4 Be7 26. Nb3 Rd6 27. Qf5 g6 28. Qc8+ {[%emt 0:00:18] Weighted Error Value: White=0.10 (very precise) /Black=0.54} 1-0

[Event "44th Chess Olympiad Open 2022"]
[Site "Chennai"]
[Date "2022.08.09"]
[Round "11.30"]
[White "Parligras, Mircea-Emilian"]
[Black "De Silva, L M S T"]
[Result "1/2-1/2"]
[ECO "E36"]
[WhiteElo "2576"]
[BlackElo "2212"]
[Annotator "TA"]
[PlyCount "65"]
[EventDate "2022.07.29"]
[EventType "team-tourn"]
[EventCountry "IND"]
[SourceTitle "playchess.com"]
[Source "ChessBase"]
[SourceQuality "1"]
[WhiteTeam "Romania"]
[BlackTeam "Sri Lanka"]
[WhiteTeamCountry "ROU"]
[BlackTeamCountry "SRI"]
[TimeControl "40/5400+30:1800+30"]

1. d4 Nf6 2. c4 e6 3. Nc3 Bb4 4. Qc2 O-O 5. a3 Bxc3+ 6. Qxc3 d5 7. Nf3 dxc4 8. Qxc4 b6 9. Bg5 {[%emt 0:00:32] E36: Nimzo-Indian: Classical: 4...d5 5 a3.} Bb7 10. Rd1 Nbd7 11. Ne5 Bd5 {[%emt 0:05:28] [#]} 12. Qc2 $146 ({Predecessor:} 12. Qd3 Qe8 13. f3 Bb7 14. Nxd7 Nxd7 15. e3 c5 16. Be2 f6 17. Bf4 e5 18. dxe5 Nxe5 {½-½ (46) Ohlendorf,U (1870)-Siemes,R (2034) GER email 2011}) 12... c5 13. Nxd7 $1 {[%emt 0:00:19] White is more active.} Qxd7 14. Bxf6 (14. dxc5 $5 Qc7 15. f3 $14) 14... gxf6 15. e4 Bb7 16. dxc5 Qc6 17. f3 Rac8 18. Bd3 Rfd8 {[%emt 0:04:07] The position is equal.} 19. O-O bxc5 20. e5 f5 21. Bc4 Qc7 22. Qc1 Rd4 23. Rfe1 Qe7 24. b3 Rcd8 25. Rxd4 Rxd4 26. Rd1 Qd8 27. Rxd4 Qxd4+ $11 {[%emt 0:00:16][%mdl 4096] Endgame KQB-KQB} 28. Kf1 Qxe5 29. Qg5+ Kf8 30. Qd8+ Kg7 31. Qg5+ Kf8 32. Qd8+ Kg7 33. Qg5+ {[%emt 0:00:41] Weighted Error Value: White=0.03 (flawless) /Black=0.03 (flawless)} 1/2-1/2

[Event "44th Chess Olympiad Open 2022"]
[Site "Chennai"]
[Date "2022.08.09"]
[Round "11.30"]
[White "Liyanage, Ranindu Dilshan"]
[Black "Lupulescu, Constantin"]
[Result "1/2-1/2"]
[ECO "B66"]
[WhiteElo "2286"]
[BlackElo "2628"]
[Annotator "TA"]
[PlyCount "120"]
[EventDate "2022.07.29"]
[EventType "team-tourn"]
[EventCountry "IND"]
[SourceTitle "playchess.com"]
[Source "ChessBase"]
[SourceQuality "1"]
[WhiteTeam "Sri Lanka"]
[BlackTeam "Romania"]
[WhiteTeamCountry "SRI"]
[BlackTeamCountry "ROU"]
[TimeControl "40/5400+30:1800+30"]

1. e4 c5 2. Nf3 d6 3. d4 cxd4 4. Nxd4 Nf6 5. Nc3 Nc6 6. Bg5 Bd7 7. Qd2 a6 8. O-O-O e6 9. Nxc6 Bxc6 10. f3 h6 11. Bf4 d5 12. Qe1 Bb4 13. a3 {[%emt 0:01:09] B66: Sicilian: Richter-Rauzer: 7...a6 8 0-0-0 h6.} Bxc3 {[%emt 0:00:55] is the new trend.} 14. Qxc3 O-O 15. Be5 Rc8 {[%emt 0:10:53] [#] And now ...Ba4 would win.} (15... Nd7 $5 ) 16. Bxf6 Qxf6 17. Qxf6 gxf6 18. exd5 Bxd5 19. Rd4 Rfd8 20. Bd3 Bc6 21. Rxd8+ Rxd8 $11 {[%emt 0:00:03][%mdl 4096] Endgame KRB-KRB} 22. Rd1 {[%emt 0:00:31][%cal Od3h7] [#] Strongly threatening Bh7+!} f5 23. f4 {[%emt 0:15:39] [#]} Kg7 $146 {[%emt 0:00:00] The position is equal.} (23... Bxg2 $2 24. Rg1 $18) ({Predecessor:} 23... Kf8 24. g3 Ke7 25. Re1 Kf6 26. Re3 h5 27. h4 Kg6 28. b3 Re8 29. Kd2 f6 {½-½ (44) Cleto,F (2503)-Calhau,E (2441) ICCF email 2005}) 24. g3 Kf6 25. Be2 Rg8 26. Bh5 Ke7 27. Kd2 f6 28. Ke3 e5 29. Rd2 a5 30. Be2 Rc8 31. g4 fxg4 32. Bxg4 Rg8 33. Bf3 Bxf3 34. Kxf3 {[%emt 0:00:06] KR-KR} Ke6 {[%emt 0:00:02] Against Rd5} 35. fxe5 fxe5 36. a4 Rf8+ 37. Ke3 Rf4 38. Rg2 Rh4 39. Rg7 Rxh2 40. Rxb7 h5 41. b4 Rxc2 42. bxa5 Rc3+ 43. Kd2 Rc4 44. Rh7 Rxa4 45. Rxh5 Kd5 46. Rh3 Ra2+ 47. Ke1 Rxa5 48. Rb3 Kc4 49. Rh3 e4 50. Rg3 Kd4 51. Rh3 Ra2 52. Rg3 Rc2 53. Rh3 Rc3 54. Rxc3 Kxc3 {[%emt 0:00:03] KP-K} 55. Ke2 Kd4 56. Kd2 e3+ 57. Ke2 Ke4 58. Ke1 Kd3 {[%emt 0:00:04] ( -> ...e2)} 59. Kd1 e2+ 60. Ke1 Ke3 {[%emt 0:00:37] Weighted Error Value: White=0.03 (flawless) /Black=0.02 (flawless)} 1/2-1/2

[Event "44th Chess Olympiad Open 2022"]
[Site "Chennai"]
[Date "2022.08.09"]
[Round "11.30"]
[White "Nabil Nazar, Mohamed"]
[Black "Gavrilescu, David"]
[Result "0-1"]
[ECO "B13"]
[WhiteElo "1845"]
[BlackElo "2525"]
[Annotator "RC"]
[PlyCount "58"]
[EventDate "2022.07.29"]
[EventType "team-tourn"]
[EventCountry "IND"]
[SourceTitle "playchess.com"]
[Source "ChessBase"]
[SourceQuality "1"]
[WhiteTeam "Sri Lanka"]
[BlackTeam "Romania"]
[WhiteTeamCountry "SRI"]
[BlackTeamCountry "ROU"]
[TimeControl "40/5400+30:1800+30"]

1. d4 d5 2. Bf4 c5 3. e3 cxd4 4. exd4 Nc6 5. c3 Bf5 6. Nd2 e6 7. Qb3 Qd7 8. Ngf3 f6 9. Be2 g5 10. Bg3 h5 11. h4 g4 12. Nh2 Nge7 13. Nhf1 Bh6 14. Ne3 Bg6 15. Nc2 Nf5 16. Nb4 Nxg3 17. fxg3 Qd6 18. Nxc6 Qxg3+ 19. Kd1 bxc6 20. Qb7 O-O 21. Qxc6 Qe3 22. Nf1 Qe4 23. Ke1 Rab8 24. b3 Rbc8 25. Qd6 Rxc3 26. Ng3 Qxg2 27. Qxe6+ Bf7 28. Qxf6 Qxg3+ 29. Kd1 Qe3 0-1

[Event "44th Chess Olympiad Open 2022"]
[Site "Chennai"]
[Date "2022.08.09"]
[Round "11.31"]
[White "Avila Pavas, Santiago"]
[Black "Palomo, Franklin Annervys"]
[Result "1-0"]
[ECO "B41"]
[WhiteElo "2453"]
[BlackElo "2324"]
[Annotator "RC"]
[PlyCount "75"]
[EventDate "2022.07.29"]
[EventType "team-tourn"]
[EventCountry "IND"]
[SourceTitle "playchess.com"]
[Source "ChessBase"]
[SourceQuality "1"]
[WhiteTeam "Colombia"]
[BlackTeam "Venezuela"]
[WhiteTeamCountry "COL"]
[BlackTeamCountry "VEN"]
[TimeControl "40/5400+30:1800+30"]

1. e4 c5 2. Nf3 e6 3. d4 cxd4 4. Nxd4 a6 5. c4 Nf6 6. Nc3 Qc7 7. a3 b6 8. Be3 Bb7 9. f3 d6 10. Be2 Be7 11. O-O Nbd7 12. Qd2 O-O 13. Rac1 Rac8 14. b4 Qb8 15. Rfd1 Bd8 16. Kh1 Bc7 17. Nb3 Rfe8 18. Bf4 Ne5 19. Bxe5 dxe5 20. Qe1 Red8 21. c5 Rxd1 22. Qxd1 b5 23. Qf1 Bc6 24. Na1 Nh5 25. g3 Qb7 26. a4 Rb8 27. axb5 axb5 28. Qh3 g6 29. Nc2 f5 30. Na3 fxe4 31. Qxe6+ Kh8 32. Bxb5 Bxb5 33. Naxb5 exf3 34. Qd7 f2+ 35. c6 Qa6 36. Qxc7 Rxb5 37. Nxb5 Qxb5 38. Qc8+ 1-0